 Dungeon Crawl Stone Soup version 0.26.1-11-gd32895ea62 (webtiles) character file.

Game seed: 6113601683954252344

2618 Almogavar the Slasher (level 9, 0/68 HPs)
             Began as a Demonspawn Fighter on Apr 22, 2021.
             Was a Follower of Makhleb.
             Slain by a death yak (20 damage)
             ... on level 7 of the Dungeon.
             The game lasted 00:20:26 (9149 turns).

Almogavar the Slasher (Demonspawn Fighter)          Turns: 9149, Time: 00:20:27

Health: 0/68       AC: 11    Str: 20    XL:     9   Next: 34%
Magic:  0/9        EV:  7    Int: 10    God:    Makhleb [*.....]
Gold:   398        SH: 10    Dex: 18    Spells: 8/8 levels left

rFire    . . .     SeeInvis .   a - +0 long sword
rCold    + . .     Faith    .   c - +0 kite shield
rNeg     . . .     Spirit   +   e - +0 chain mail {Will+}
rPois    .         Reflect  .   (helmet unavailable)
rElec    .         Harm     .   E - +0 cloak
rCorr    .         Rampage  .   (no gloves)
Will     +....                  (no boots)
Stlth    ..........             A - amulet of guardian spirit
HPRegen  0.21/turn              h - ring of protection from cold
MPRegen  0.22/turn              z - +6 ring of dexterity

@: mighty
A: claws 1, hooves 1, horns 3, magic shield, magic regeneration
a: Renounce Religion


You were on level 7 of the Dungeon.
You worshipped Makhleb.
Makhleb was aware of your devotion.
You visited 2 branches of the dungeon, and saw 9 of its levels.

You collected 398 gold pieces.

Inventory:

Hand Weapons
 a - a +0 long sword (weapon)
 C - the +11 flail of Salt {freeze, +Fly Dex+2, unknown}
   (You found it on level 5 of the Dungeon)

   It has been specially enchanted to freeze those struck by it, causing extra
   injury to most foes and up to half again as much damage against particularly
   susceptible opponents.
   It can also slow down cold-blooded creatures.
   It affects your dexterity (+2).
   It lets you fly.
 L - the +6 spear "Muod" {venom, Will+, unknown}
   (You found it on level 7 of the Dungeon)

   It poisons the flesh of those it strikes.
   It affects your willpower, your defense against some magical effects.
Missiles
 k - 12 javelins
 l - 12 poisoned darts (quivered)
 u - 14 boomerangs
 N - 3 silver boomerangs
Armour
 c - a +0 kite shield (worn)
 e - a +0 chain mail of willpower (worn)
 E - a +0 cloak (worn)
Jewellery
 h - a ring of protection from cold (left claw)
 s - an uncursed ring of fire
 w - a +6 ring of intelligence
 z - a +6 ring of dexterity (right claw)
 A - an amulet of guardian spirit (around neck)
 K - an uncursed ring of ice {unknown}
Wands
 q - a wand of random effects (24)
 x - a wand of paralysis (6)
 D - a wand of polymorph (13)
 I - a wand of digging (7)
 J - a wand of disintegration (11)
Scrolls
 b - a scroll of amnesia
 f - 9 scrolls of teleportation
 p - a scroll of immolation {unknown}
 r - 2 scrolls of fog {unknown}
 t - 2 scrolls of enchant weapon
 v - 5 scrolls of enchant armour {unknown}
 y - 3 scrolls of fear {unknown}
 F - 2 scrolls of remove curse {unknown}
 G - 2 scrolls of magic mapping
Potions
 d - 2 potions of might
 g - 2 potions of flight
 i - 4 potions of lignification
 j - 3 potions of invisibility
 m - 2 potions of degeneration {unknown}
 n - a potion of heal wounds {unknown}
 o - a potion of brilliance {unknown}
 B - a potion of curing {unknown}
 H - a potion of magic {unknown}
 M - a potion of haste {unknown}


   Skills:
 + Level 5.1 Fighting
 + Level 7.2 Long Blades
 + Level 3.9 Throwing
 + Level 5.7 Armour
 + Level 1.8 Dodging
 + Level 1.0 Stealth
 + Level 5.4 Shields


You had 8 spell levels left.
You didn't know any spells.
Your spell library contained the following spells:

 Spells                   Type           Power        Failure   Level
 Sandblast                Erth           0%           100%        1
 Sting                    Tmut/Pois      0%           100%        1
 Passwall                 Tmut/Erth      0%           100%        2
 Poisonous Vapours        Pois/Air       0%           100%        2
 Ignite Poison            Fire/Tmut/Pois 0%           100%        3
 Mephitic Cloud           Conj/Pois/Air  0%           100%        3
 Stone Arrow              Conj/Erth      0%           100%        3
 Olgreb's Toxic Radiance  Pois           0%           100%        4
 Petrify                  Tmut/Erth      0%           100%        4
 Lee's Rapid Deconstruct  Erth           0%           100%        5


Dungeon Overview and Level Annotations

Branches:
Dungeon (8/15)             Temple (1/1) D:5
   Lair: D:8-11

Altars:
Ashenzari
Cheibriados
Elyvilon
Fedhas
Hepliaklqana
Makhleb
Nemelex Xobeh
Okawaru
Qazlal
Ru
Trog
Uskayaw
Vehumet
Wu Jian
Xom
Yredelemnul
Zin

Shops:
D:7 (


Innate Abilities, Weirdness & Mutations

You have sharp fingernails.
You have large cloven feet.
You have a pair of large horns on your head.
When hurt, damage is shared between your health and your magic reserves.
You regenerate magic rapidly.


Message History

You hit the death yak but do no damage. You kick the death yak.
The death yak is lightly wounded.
The death yak gores you.
Unknown command.
You slash the death yak! Your kick misses the death yak.
You headbutt the death yak!
The death yak is heavily wounded.
You block the death yak's attack. The death yak gores you!
You hit the death yak. Your headbutt misses the death yak.
The death yak is heavily wounded.
The death yak gores you!!
* * * LOW HITPOINT WARNING * * *
Unknown command.
Okay, then.
You feel very mighty all of a sudden.
The death yak gores you but does no damage.
You hit the death yak but do no damage. You kick the death yak.
The death yak is heavily wounded.
The death yak gores you!!
You die...

# ###.### #.# #.# #.# # #(#
#.# #.# #.## # #.# #.# #.#
#..# # #.# #.# #.# ##.# #
#.# #.# #.# #.# # #.####
###.###.# #.# ## #....#
#.......# #.# .# ####.#
#.##.#### #.# .## #.#
#.##@### #.# ..## #.#
#....Y.# #)# #..##
##.###..#.#.## #.#
##..####............# #(#
#...##.....###.#.#..#####.#
..#.##.....###..........(.#
.##..............##########
.#####.....####### .#
#.....#


You could see a death yak (poisoned).

Vanquished Creatures
  The ghost of Rediskos the Gusty, an amateur DrAE (D:4)
  Sigmund (D:6)
  Menkaure (D:4)
  Edmund (D:6)
  An ice beast (D:5)
  2 sky beasts
  2 black bears
  A phantom (D:5)
  An ogre (D:4)
  3 centaurs
  2 bullfrogs
  2 bullfrog zombies
  A centaur zombie (D:5)
  2 orc priests
  A centaur skeleton (D:6)
  8 orc wizards
  2 hounds
  Ijyb (D:3)
  An iguana (D:3)
  Jessica (D:2)
  3 worker ants
  Robin (D:2)
  A howler monkey zombie (D:7)
  10 gnolls
  7 adders
  4 white imps
  2 oozes
  2 ufetubi
  2 worms
  6 dart slugs
  3 leopard geckos
  39 orcs
  2 ball pythons
  7 bats
  4 giant cockroaches
  22 goblins
  8 hobgoblins
  18 jackals
  2 kobolds
  2 quokkas
  3 frilled lizards
  A quokka skeleton (D:6)
  5 rats
189 creatures vanquished.

Notes
Turn   | Place    | Note
-------+----------+-------------------------------------------
     0 | D:1      | Almogavar the Demonspawn Fighter began the quest for the
                  | Orb.
     0 | D:1      | Reached XP level 1. HP: 18/18 MP: 1/1
   357 | D:1      | Gained mutation: You have a pair of small horns on your
                  | head. [demonic ancestry]
   357 | D:1      | Reached XP level 2. HP: 22/24 MP: 2/2
   633 | D:1      | Reached skill level 2 in Long Blades
   854 | D:1      | Gained mutation: You have large cloven feet. [demonic
                  | ancestry]
   854 | D:1      | Reached XP level 3. HP: 29/29 MP: 3/3
  1484 | D:2      | Reached XP level 4. HP: 17/35 MP: 4/4
  1834 | D:2      | Noticed Robin
  1841 | D:2      | Killed Robin
  1842 | D:2      | Reached skill level 3 in Long Blades
  2023 | D:2      | Noticed Jessica
  2025 | D:2      | Killed Jessica
  2026 | D:2      | Gained mutation: You have a pair of horns on your head.
                  | [demonic ancestry]
  2026 | D:2      | Reached XP level 5. HP: 41/41 MP: 5/5
  2052 | D:2      | Reached skill level 1 in Dodging
  2261 | D:2      | Found a blossoming altar of Fedhas.
  2862 | D:3      | Noticed Ijyb
  2865 | D:3      | Paralysed by Ijyb for 4 turns
  2872 | D:3      | Paralysed by Ijyb for 7 turns
  2882 | D:3      | Killed Ijyb
  2883 | D:3      | Gained mutation: When hurt, damage is shared between your
                  | health and your magic reserves. [demonic ancestry]
  2883 | D:3      | Reached XP level 6. HP: 48/48 MP: 6/6
  3058 | D:3      | Reached skill level 4 in Long Blades
  3635 | D:4      | Found a runed translucent door.
  3766 | D:4      | Gained mutation: You have a pair of large horns on your
                  | head. [demonic ancestry]
  3766 | D:4      | Reached XP level 7. HP: 53/53 MP: 7/7
  4286 | D:4      | Noticed Rediskos's ghost (amateur DrAE)
  4306 | D:4      | Noticed Menkaure
  4314 | D:4      | Killed Menkaure
  4412 | D:4      | Reached skill level 5 in Long Blades
  4484 | D:4      | Reached skill level 1 in Throwing
  4807 | D:5      | Entered Level 5 of the Dungeon
  4996 | D:5      | Gained mutation: You have sharp fingernails. [demonic
                  | ancestry]
  4996 | D:5      | Reached XP level 8. HP: 42/61 MP: 5/8
  5170 | D:5      | Found a staircase to the Ecumenical Temple.
  5176 | D:5      | Got a bloodstained flail
  5194 | Temple   | Entered the Ecumenical Temple
  5298 | Temple   | Became a worshipper of Makhleb the Destroyer
  6058 | D:5      | Found an ornate altar of the Wu Jian Council.
  6275 | D:5      | Reached skill level 6 in Long Blades
  6688 | D:6      | Noticed Edmund
  6708 | D:6      | Killed Edmund
  6709 | D:6      | Reached skill level 1 in Stealth
  6902 | D:6      | Reached skill level 5 in Armour
  7151 | D:6      | Noticed Sigmund
  7155 | D:6      | Reached skill level 5 in Shields
  7365 | D:6      | Killed Sigmund
  7722 | D:4      | Killed Rediskos's ghost
  7723 | D:4      | Reached skill level 5 in Fighting
  7723 | D:4      | Gained mutation: You regenerate magic rapidly. [demonic
                  | ancestry]
  7723 | D:4      | Reached XP level 9. HP: 24/68 MP: 4/9
  8052 | D:7      | Got a glimmering spear
  8107 | D:7      | Found Xuurch's Antique Weapon Emporium.
  8391 | D:7      | Reached skill level 7 in Long Blades
  8734 | D:7      | Reached * piety under Makhleb
  9097 | D:8      | Noticed a death yak
  9097 | D:8      | Noticed a death yak
  9149 | D:7      | Slain by a death yak

Illustrated notes

Levels and vault maps discovered:
D:1:      nicolae_arrival_washed_ashore, layout_basic, serial_bayou_lagoon_a
D:2:      layout_rooms, fedhas_altar_fruit_tree, serial_glass, glass_columns_a,
          glass_columns_a, uniq_jessica, uniq_robin
D:3:      layout_basic, uniq_ijyb
D:4:      layout_cave_pods, hellmonk_ghost_happy_afterlife,
          kennysheep_decorative_pillar, minmay_misc_feat_roman, uniq_menkaure
D:5:      layout_layer_cave, old_standard_altar, minmay_temple_entry_offerings,
          grunt_decor_one_mirror, kennysheep_minor_cross,
          hangedman_minor_gate_pass
D:6:      layout_gridville, uniq_edmund, uniq_sigmund
D:7:      layout_loops_ring, serial_shops, shop, lightli_orcish_oven
D:8:      gammafunk_boulding_lane, layout_cave_pools,
          lemuel_coloured_pillars_altar, grunt_temple_overflow_open,
          dpeg_lair_monsters, gammafunk_ghost_necromancy
Temple:   lightli_temple_of_artemis

Skill      XL: |  1  2  3  4  5  6  7  8  9 |
---------------+----------------------------+-----
Long Blades    | 2 3 4 5 6 7 |  7.2
Shields        | 3 4 5 |  5.4
Armour         | 3 4 5 |  5.7
Dodging        | 1 |  1.8
Fighting       | 4 5 |  5.1
Throwing       | 1 3 |  3.9
Stealth        | 1 |  1.0

Action                   |  1- 3 |  4- 6 |  7- 9 || total
-------------------------+-------+-------+-------++-------
Melee: Long sword        |    73 |   161 |   230 ||   464
       Headbutt          |     8 |    34 |    54 ||    96
       Kick              |     6 |    52 |    89 ||   147
Throw: Javelin           |       |     7 |       ||     7
       Dart              |       |       |   101 ||   101
Evoke: Wand              |       |       |     1 ||     1
  Use: Scroll            |       |     3 |     5 ||     8
       Potion            |       |       |     1 ||     1
Armor: Scale mail        |    26 |    28 |       ||    54
       Chain mail        |       |    39 |   108 ||   147
Dodge: Dodged            |    22 |    48 |    55 ||   125
Block: Kite shield       |    36 |    89 |   128 ||   253
       Rpst.: Long sword |     9 |    18 |    13 ||    40
